[Event "Early-Titled-Tuesday-Blitz-May-07-2024"]
[Site "Chess.com"]
[Date "2024.05.07"]
[Round "1"]
[White "DanielDardha2005"]
[Black "LuisFSiles"]
[Result "1-0"]
[WhiteElo "2876"]
[BlackElo "2488"]
[TimeControl "180+1"]
[EndTime "8:04:49 PDT"]
[Termination "DanielDardha2005 won by resignation"]

1. e4 c5 2. Nf3 Nc6 3. Bb5 g6 4. Bxc6 dxc6 5. d3 Bg7 6. h3 Nf6 7. a4 a5 8. Nbd2 O-O 9. Nc4 Nd7 10. O-O Qc7 11. Be3 e5 12. Qd2 f6 13. Bh6 Rf7 14.
Bxg7 Kxg7 15. Nh2 g5 16. h4 h6 17. g3 Nf8 18. f4 exf4 19. gxf4 Ng6 20. hxg5 hxg5 21.
fxg5 f5 22. e5 Nxe5 23. Qc3 Re7 24. Rae1 1-0

[Event "Early-Titled-Tuesday-Blitz-May-07-2024"]
[Site "Chess.com"]
[Date "2024.05.07"]
[Round "1"]
[White "NikFil2013"]
[Black "TigranMukhutdinov"]
[Result "0-1"]
[WhiteElo "2394"]
[BlackElo "2695"]
[TimeControl "180+1"]
[EndTime "8:04:50 PDT"]
[Termination "TigranMukhutdinov won by resignation"]

1. d4 d6 2. Nf3 Bg4 3. e4 Nf6 4. Nc3 c6 5. Be2 e6 6. O-O Be7 7. Be3 O-O 8. h3 Bh5 9. Re1 d5 10. e5 Nfd7 11. Qd3 c5 12. dxc5 Bxf3 13. Bxf3 Nxe5 14.
Qe2 Nxf3+ 15. Qxf3 Nc6 16. Rad1 Qa5 17. a3 Ne5 18.
Qg3 Ng6 19. Qg4 Rfc8 20. Qb4 Qc7 21. Nb5 Qc6 22. Nd6 Bxd6 23. cxd6 Rd8 24. a4 Qxd6 25.
Qxb7 Rdb8 0-1

[Event "Early-Titled-Tuesday-Blitz-May-07-2024"]
[Site "Chess.com"]
[Date "2024.05.07"]
[Round "1"]
[White "Genghis_K"]
[Black "balack95"]
[Result "1-0"]
[WhiteElo "2907"]
[BlackElo "2503"]
[TimeControl "180+1"]
[EndTime "8:04:57 PDT"]
[Termination "Genghis_K won by checkmate"]

1. e4 c5 2. Nf3 e6 3. d4 cxd4 4. Nxd4 Nc6 5. Nc3 Qc7 6. Be3 a6 7. Qd2 Nf6 8. f4 Nxd4 9. Bxd4 b5 10. e5 b4 11. exf6 bxc3 12. Bxc3 gxf6 13. Bxf6 Rg8 14. O-O-O Bb7 15. Be5 Qc6 16. g3 d6 17. Bf6 Qxh1 18. Bb5+ axb5 19. Rxh1 Bxh1 20. Qd3 Bc6 21. Qxh7 Rg6 22.
Qh8 Rxa2 23. Kb1 Ra4 24. Bg5 Be4 25. b3 Rd4 26. Qxd4 d5 27. Qb6 Ba3 28. Qd8# 1-0

[Event "Early-Titled-Tuesday-Blitz-May-07-2024"]
[Site "Chess.com"]
[Date "2024.05.07"]
[Round "1"]
[White "MVM2008"]
[Black "dianamirza"]
[Result "1-0"]
[WhiteElo "2549"]
[BlackElo "1909"]
[TimeControl "180+1"]
[EndTime "8:04:59 PDT"]
[Termination "MVM2008 won by resignation"]

1. e4 d5 2. exd5 Qxd5 3. Nc3 Qd8 4. Nf3 Nf6 5. d4 Bg4 6. Bc4 e6 7. Bf4 Be7 8. Qd2 a6 9. Ne5 Bh5 10. f3 b5 11. Bb3 Nbd7 12. Nc6 Qc8 13. Nxe7 Kxe7 14. O-O-O Rd8 15. g4 Bg6 16. h4 h5 17.
g5 Ne8 18. d5 Nc5 19. Qe3 Nxb3+ 20. axb3 Kf8 21. Rhe1 Bf5 22. g6 Bxg6 23. dxe6 Rxd1+ 24. Nxd1 Qxe6 25. Qc5+ Nd6 26. Rxe6 fxe6 1-0

[Event "Early-Titled-Tuesday-Blitz-May-07-2024"]
[Site "Chess.com"]
[Date "2024.05.07"]
[Round "1"]
[White "KuzubovYuriy"]
[Black "kacperkarwowski"]
[Result "1-0"]
[WhiteElo "2961"]
[BlackElo "2525"]
[TimeControl "180+1"]
[EndTime "8:05:02 PDT"]
[Termination "KuzubovYuriy won by resignation"]

1. d4 Nf6 2. c4 e6 3. Nf3 d5 4. Nc3 a6 5. cxd5 exd5 6. Bg5 Be6 7.
Bxf6 Qxf6 8. Qb3 b5 9. a4 b4 10. Nxd5 Qd8 11. e4 c6 12. Qe3 cxd5 13. exd5 Qxd5 14.
Bd3 Be7 15. Be4 Qh5 16. Bxa8 O-O 17. d5 Bd7 18. O-O Bf6 19. Qd2 Bg4 20. d6 Nd7 21. Bc6 Nc5 22. Qxb4 Nd3 23. Qd2 Ne5 24. Nxe5 Bxe5 25.
g3 Qg6 26. d7 Bc7 27. Rac1 1-0

[Event "Early-Titled-Tuesday-Blitz-May-07-2024"]
[Site "Chess.com"]
[Date "2024.05.07"]
[Round "1"]
[White "Me_ch_an"]
[Black "IamSchrodingersCat"]
[Result "0-1"]
[WhiteElo "2352"]
[BlackElo "2650"]
[TimeControl "180+1"]
[EndTime "8:05:03 PDT"]
[Termination "IamSchrodingersCat won by resignation"]

1. e4 c5 2. Nc3 a6 3. Nf3 b5 4. d4 cxd4 5. Nxd4 Bb7 6. Bd3 e6 7. O-O d6 8. Be3 Nf6 9. a3 Be7 10. f4 Nbd7 11. g4 d5 12. e5 Ne4 13. Bxe4 dxe4 14.
Qe2 O-O 15. Rad1 Qc7 16. Rd2 Nb6 17. Ncxb5 axb5 18. Nxb5 Qc6 19. Nd6 Ba6 20. Qg2 Bxf1 21. Qxf1 Nd5 0-1

[Event "Early-Titled-Tuesday-Blitz-May-07-2024"]
[Site "Chess.com"]
[Date "2024.05.07"]
[Round "1"]
[White "1mbl4"]
[Black "Chessbard1972"]
[Result "1-0"]
[WhiteElo "2637"]
[BlackElo "2340"]
[TimeControl "180+1"]
[EndTime "8:05:05 PDT"]
[Termination "1mbl4 won by checkmate"]

1. d4 Nf6 2. Bf4 d5 3. Nc3 Bf5 4. f3 e6 5. g4 Bg6 6. h4 h6 7. h5 Bh7 8. e3 Bb4 9. Bd3 Bxc3+ 10. bxc3 Bxd3 11. cxd3 Nbd7 12. Rb1 b6 13. Ne2 c5 14.
Qa4 O-O 15. g5 hxg5 16. Bxg5 Qc7 17. h6 Nh7 18. hxg7 Rfe8 19. Bf4 e5 20. dxe5 Nxe5 21.
Bxe5 Qxe5 22. Qh4 Qf5 23. Kd2 c4 24. e4 dxe4 25. fxe4 Qg5+ 26. Qxg5 Nxg5 27. Ng3 Kxg7 28. Nf5+ Kf6 29. Rh6+ Ke5 30. d4+ Kf4 31. Rh4+ Kf3 32.
Rf1+ Kg2 33. Ne3+ Kg3 34. Rg4+ Kh2 35. Rg2+ Kh3 36. Rh1# 1-0

[Event "Early-Titled-Tuesday-Blitz-May-07-2024"]
[Site "Chess.com"]
[Date "2024.05.07"]
[Round "1"]
[White "average_trans"]
[Black "Vse_po_kaify"]
[Result "0-1"]
[WhiteElo "2332"]
[BlackElo "2630"]
[TimeControl "180+1"]
[EndTime "8:05:08 PDT"]
[Termination "Vse_po_kaify won by resignation"]

1. b3 c5 2. Bb2 Nc6 3. Nf3 d6 4. g3 e5 5. d3 g6 6. Bg2 Bg7 7. O-O Nge7 8. h3 O-O 9. Nbd2 e4 10. Bxg7 exf3 11. Bxf8 fxg2 12. Kxg2 Qxf8 13. e4 Be6 14. f4 Qg7 15. Nf3 d5 16. Qe2 Nd4 17.
Nxd4 Qxd4 18. e5 Re8 19. Rae1 c4 20. g4 Bd7 21. Rf3 Bc6 22. f5 cxd3 23. cxd3 Qc3 24. d4 Qxd4 25. e6 f6 26. fxg6 Nxg6 27. Ref1 Nh4+ 28. Kg3 Nxf3 29. Rxf3 Qe5+ 30. Qxe5 fxe5 0-1

[Event "Early-Titled-Tuesday-Blitz-May-07-2024"]
[Site "Chess.com"]
[Date "2024.05.07"]
[Round "1"]
[White "B_nn_t"]
[Black "TenisMaster"]
[Result "0-1"]
[WhiteElo "2493"]
[BlackElo "2891"]
[TimeControl "180+1"]
[EndTime "8:05:09 PDT"]
[Termination "TenisMaster won by resignation"]

1. e4 e5 2. Nf3 Nc6 3. Bc4 Bc5 4. c3 Nf6 5. d3 d6 6. O-O a6 7. a4 Ba7 8. Re1 O-O 9. h3 h6 10. Nbd2 Re8 11. Nf1 Be6 12. Bxe6 Rxe6 13. Be3 Bxe3 14.
Nxe3 Qd7 15. b4 Rd8 16. Nd5 Ne7 17. c4 Ng6 18. g3 c6 19. Ne3 d5 20. cxd5 cxd5 21.
Nf5 Rc6 22. h4 Rc3 23. Kg2 Rdc8 24. exd5 Qxf5 0-1

[Event "Early-Titled-Tuesday-Blitz-May-07-2024"]
[Site "Chess.com"]
[Date "2024.05.07"]
[Round "1"]
[White "IMchanged"]
[Black "DACF2905"]
[Result "1-0"]
[WhiteElo "2749"]
[BlackElo "2429"]
[TimeControl "180+1"]
[EndTime "8:05:09 PDT"]
[Termination "IMchanged won by resignation"]

1. d4 Nf6 2. Nc3 d5 3. Bf4 e6 4. e3 Bd6 5. Bd3 O-O 6. Nf3 c5 7. dxc5 Bxc5 8. O-O Nc6 9. e4 d4 10. Ne2 Re8 11. e5 Nd5 12. Bg3 Ndb4 13. Be4 Qb6 14.
a3 Nd5 15. b4 Be7 16. Nexd4 Nc3 17. Bxh7+ Kxh7 18. Qd3+ Kg8 19. Qxc3 Nxd4 20. Qxd4 Qxd4 21. Nxd4 Bd7 22. c4 Rac8 23. Rac1 a5 24. c5 axb4 25.
axb4 Red8 26. Rfd1 Ba4 27. Rd2 b6 28. c6 Bxb4 29.
Ra2 Bxc6 30. Nxc6 Rxc6 31. Rb1 Ba5 32. h4 g6 33. Kh2 Rd3 34. Bf4 Kg7 35. Bg5 Rc7 36.
Bf6+ Kh7 37. Rxa5 bxa5 38. Rb8 g5 39. h5 1-0

[Event "Early-Titled-Tuesday-Blitz-May-07-2024"]
[Site "Chess.com"]
[Date "2024.05.07"]
[Round "1"]
[White "SpongeBob_03"]
[Black "KononenkoD"]
[Result "0-1"]
[WhiteElo "2269"]
[BlackElo "2606"]
[TimeControl "180+1"]
[EndTime "8:05:10 PDT"]
[Termination "KononenkoD won by checkmate"]

1. e4 c6 2. Nc3 d5 3. Nf3 Bg4 4. h3 Bxf3 5. Qxf3 e6 6. exd5 cxd5 7. d4 Nc6 8. Bb5 Nf6 9. Bg5 Be7 10. O-O O-O 11. Bxc6 bxc6 12. a3 a5 13. Bxf6 Bxf6 14.
Ne2 Qb6 15. Rab1 Bxd4 16. b4 Bf6 17. g4 axb4 18. axb4 Ra2 19. Qd3 Qb5 20. Qb3 Rfa8 21. g5 Qxe2 22. gxf6 Qxc2 23. fxg7 Qxb3 24. Rxb3 R8a3 25.
Rxa3 Rxa3 26. Rc1 Rb3 27. Rxc6 Rxb4 28. Kf1 Kxg7 29. Ke2 Rb3 30. h4 Rb4 31. h5 Rh4 32. Ke3 Rxh5 33. Kd4 Kf6 34. f4 Rh3 35. Rc7 h5 36. Rc8 Rf3 37. Rh8 Rxf4+ 38. Ke3 Rf5 39. Kd4 Rg5 40. Rh6+ Kf5 41. Rh8 f6 42. Ke3 e5 43.
Kf3 d4 44. Kf2 Ke4 45. Ke2 f5 46. Kf2 f4 47. Ke2 Rg2+ 48. Kf1 Rg5 49. Ke2 f3+ 50. Kf1 Ke3 51. Ke1 Rg1# 0-1

[Event "Early-Titled-Tuesday-Blitz-May-07-2024"]
[Site "Chess.com"]
[Date "2024.05.07"]
[Round "1"]
[White "MarkusRagger"]
[Black "Slovineanu"]
[Result "1-0"]
[WhiteElo "2821"]
[BlackElo "2462"]
[TimeControl "180+1"]
[EndTime "8:05:13 PDT"]
[Termination "MarkusRagger won by resignation"]

1. d4 Nf6 2. c4 e5 3. dxe5 Ng4 4.
Nf3 Nc6 5. Nc3 Ngxe5 6. Nxe5 Nxe5 7. e3 d6 8. f4 Nc6 9. Bd3 g6 10.
h4 h5 11. a3 Be7 12. g3 a5 13. Qc2 Bf6 14. Bd2 Be6 15. O-O-O Qd7 16. Nd5 Bxd5 17. cxd5 Ne7 18. e4 O-O 19. f5 gxf5 20. exf5 Kh8 21.
Bg5 Kg7 22. Bxf6+ 1-0

[Event "Early-Titled-Tuesday-Blitz-May-07-2024"]
[Site "Chess.com"]
[Date "2024.05.07"]
[Round "1"]
[White "luggevoila"]
[Black "Zq1"]
[Result "0-1"]
[WhiteElo "2317"]
[BlackElo "2621"]
[TimeControl "180+1"]
[EndTime "8:05:15 PDT"]
[Termination "Zq1 won by resignation"]

1. e4 c5 2. Nc3 g6 3. d4 cxd4 4.
Qxd4 Nf6 5. Nf3 Nc6 6. Qd3 d6 7. Nd5 Bg7 8. c3 O-O 9. Bg5 Nxd5 10. exd5 Bf5 11. Qd2 Ne5 12. Nxe5 dxe5 13. Be2 Qd6 14. O-O e6 15. c4 exd5 16. cxd5 Rac8 17. Rac1 Be4 18.
Rxc8 Rxc8 19. f3 Bf5 20. Rd1 Rc2 21. Qe3 Rxb2 22. Bc4 h6 23. Bh4 Rb4 24. Rc1 b5 25. Be1 Rxc4 0-1

[Event "Early-Titled-Tuesday-Blitz-May-07-2024"]
[Site "Chess.com"]
[Date "2024.05.07"]
[Round "1"]
[White "Stanbad1"]
[Black "Niilo1"]
[Result "1-0"]
[WhiteElo "2619"]
[BlackElo "2299"]
[TimeControl "180+1"]
[EndTime "8:05:16 PDT"]
[Termination "Stanbad1 won by resignation"]

1. d4 Nf6 2. Nc3 d5 3. Bf4 e6 4. Nb5 Bb4+ 5. c3 Ba5 6. a4 a6 7. b4 axb5 8. axb5 Bxb4 9. Rxa8 Bxc3+ 10. Bd2 Bxd2+ 11. Qxd2 Nbd7 12. e3 Nb6 13. Ra1 O-O 14. Bd3 Nc4 15. Qc2 Qd6 16. Ne2 Qb4+ 17. Nc3 Bd7 18.
O-O h6 19. Rfb1 Qd6 20. Bxc4 dxc4 21. Ne4 Nxe4 22. Qxe4 c6 23. bxc6 Bxc6 24. Qc2 Qd5 25. f3 b5 26. Qc3 f5 27. Ra7 Rd8 28. Qb4 Rd7 29. Rxd7 Qxd7 30. Qc5 Kh7 31. Ra1 Qc8 32. Ra7 Qb8 33. Qe7 Qg8 34. Qc5 Be8 35. Ra8 Qf7 36.
h4 Qc7 37. Qxc7 1-0

[Event "Early-Titled-Tuesday-Blitz-May-07-2024"]
[Site "Chess.com"]
[Date "2024.05.07"]
[Round "1"]
[White "itsdsyr"]
[Black "Mikasinski"]
[Result "0-1"]
[WhiteElo "2350"]
[BlackElo "2647"]
[TimeControl "180+1"]
[EndTime "8:05:17 PDT"]
[Termination "Mikasinski won by resignation"]

1. e4 c5 2. Nf3 d6 3. d4 cxd4 4.
Nxd4 Nf6 5. Nc3 a6 6. Be2 e5 7.
Nb3 Be7 8. O-O O-O 9. a4 Be6 10. f4 exf4 11. Bxf4 Nc6 12. Kh1 d5 13. Bd3 d4 14.
Ne2 Ng4 15. Qe1 Bh4 16. Qd2 Nf2+ 17. Kg1 Nxd3 18. Qxd3 Nb4 19. Qd2 Nxc2 20. Qxc2 d3 21. Qc3 dxe2 22. Rfe1 Qb6+ 23. Be3 Qxb3 24. Qxb3 Bxb3 25.
g3 Bf6 26. Rxe2 Rfe8 27. Bf4 Rac8 28. e5 Be7 29. Rae1 Be6 30. Bd2 Rc4 31. a5 h5 32.
Bc3 Rd8 33. h4 Bc5+ 34. Kh2 Bb4 35. Bxb4 Rxb4 36. Rc1 Rc4 37. Rce1 Rc5 0-1

[Event "Early-Titled-Tuesday-Blitz-May-07-2024"]
[Site "Chess.com"]
[Date "2024.05.07"]
[Round "1"]
[White "secretsuperstar7"]
[Black "Kirill_Klukin"]
[Result "0-1"]
[WhiteElo "2480"]
[BlackElo "2852"]
[TimeControl "180+1"]
[EndTime "8:05:19 PDT"]
[Termination "Kirill_Klukin won by resignation"]

1. e4 c5 2. Nf3 g6 3. c3 Bg7 4. d4 cxd4 5. cxd4 d5 6. e5 a6 7. Nc3 Nc6 8. Be2 f6 9. exf6 Nxf6 10.
O-O O-O 11. Ne5 e6 12. Bf4 Nh5 13. Nxc6 bxc6 14. Be3 Nf4 15. Bg4 e5 16. Bxc8 Rxc8 17. Bxf4 Rxf4 18. Ne2 Rf7 19. Rc1 Qb6 20. dxe5 Bxe5 21.
b3 Rcf8 22. Qe1 Bd6 23. Nc3 Bb4 24. Na4 Bxe1 25. Nxb6 Bxf2+ 26. Rxf2 Rxf2 27. Nd7 R8f5 28. g4 R5f4 29. Rxc6 Rxa2 30. Rc8+ Kg7 31. Ne5 Re4 32. Nd3 Rd2 33. Rc7+ Kf8 34. Nf2 Re1+ 35. Kg2 Ree2 36. Rc8+ Ke7 37. Rc7+ Ke6 38. Rc5 Rxf2+ 0-1

[Event "Early-Titled-Tuesday-Blitz-May-07-2024"]
[Site "Chess.com"]
[Date "2024.05.07"]
[Round "1"]
[White "nicolevalladar"]
[Black "RojonR"]
[Result "0-1"]
[WhiteElo "1732"]
[BlackElo "2545"]
[TimeControl "180+1"]
[EndTime "8:05:19 PDT"]
[Termination "RojonR won by resignation"]

1. e4 c5 2. Nf3 Nc6 3. Bb5 e6 4. Bxc6 bxc6 5. O-O Ne7 6. Qe2 Ng6 7. c3 Be7 8. d4 cxd4 9. cxd4 d5 10. e5 O-O 11. Be3 Qb6 12. Rc1 Ba6 13. Qc2 Rac8 14. Nbd2 f6 15. Nb3 Bc4 16. Nc5 Bxc5 17. dxc5 Qb8 18. exf6 Rxf6 19. b3 Ba6 20. Qb2 e5 21.
Bg5 Rf5 22. Bd2 Rcf8 23. Be1 Nf4 24. g3 Ne2+ 25. Kg2 Nxc1 26. Rxc1 Rxf3 0-1

[Event "Early-Titled-Tuesday-Blitz-May-07-2024"]
[Site "Chess.com"]
[Date "2024.05.07"]
[Round "1"]
[White "Jospem"]
[Black "imdvb6307"]
[Result "1-0"]
[WhiteElo "3062"]
[BlackElo "2534"]
[TimeControl "180+1"]
[EndTime "8:05:22 PDT"]
[Termination "Jospem won by resignation"]

1. e4 Nc6 2. Nf3 d6 3. Nc3 Nf6 4. h3 e5 5. Bc4 Be7 6. d3 O-O 7. a3 Be6 8. Bxe6 fxe6 9. O-O Qe8 10. Ne2 Nh5 11. Ng3 Nf4 12. Kh2 Qf7 13. c3 d5 14.
Bxf4 exf4 15. Ne2 dxe4 16. dxe4 e5 17. b4 Rfd8 18. Qc2 Qc4 19. Rfd1 a5 20. Rxd8+ Rxd8 21. Qa2 Qxa2 22. Rxa2 b5 23. a4 Rb8 24. bxa5 b4 25.
cxb4 Bxb4 26. a6 Ra8 27. Nc1 Rxa6 28. Nd3 Bd6 29. g3 fxg3+ 30. Kxg3 h6 31. h4 g6 32. Nd2 Kf7 33. Nc4 Ke6 34. a5 Bb4 35. Ra4 Bxa5 36. Nc5+ 1-0

[Event "Early-Titled-Tuesday-Blitz-May-07-2024"]
[Site "Chess.com"]
[Date "2024.05.07"]
[Round "1"]
[White "campochess"]
[Black "HajiyevKanan"]
[Result "0-1"]
[WhiteElo "2149"]
[BlackElo "2568"]
[TimeControl "180+1"]
[EndTime "8:05:22 PDT"]
[Termination "HajiyevKanan won by resignation"]

1. d4 d5 2. Bg5 c5 3. dxc5 Nc6 4. Nf3 h6 5. Bd2 e5 6. b4 e4 7. b5 exf3 8. bxc6 fxg2 9. Bxg2 bxc6 10. c4 Bxc5 11. O-O Nf6 12. cxd5 cxd5 13. Nc3 O-O 14. Rc1 Ba3 15. Rc2 Bf5 16. Bf4 Bxc2 17. Qxc2 Rc8 18. Qb3 Qa5 19. Nxd5 Nxd5 20. Bxd5 Rc3 21. Qb7 Qb4 22.
Be3 Qxb7 23. Bxb7 Bc5 24. Rc1 Rxc1+ 25. Bxc1 Rb8 26. Be4 Rb4 27. Bd3 Ra4 28. Bd2 Rxa2 29. Bc3 a5 30. Kg2 a4 31. Kf3 a3 32. h4 Be7 33. h5 Bf6 34. Bb4 Ra1 35. e4 a2 36.
Bc4 Rb1 0-1

[Event "Early-Titled-Tuesday-Blitz-May-07-2024"]
[Site "Chess.com"]
[Date "2024.05.07"]
[Round "1"]
[White "Aygehovit1992"]
[Black "ejam94"]
[Result "1-0"]
[WhiteElo "2850"]
[BlackElo "2478"]
[TimeControl "180+1"]
[EndTime "8:05:23 PDT"]
[Termination "Aygehovit1992 won by resignation"]

1. e4 c5 2. Nf3 e6 3. d4 cxd4 4. Nxd4 a6 5. Nc3 b5 6. Bd3 Bb7 7. O-O Nc6 8. Nxc6 Bxc6 9. Re1 Nf6 10. e5 Nd5 11. Nxd5 Bxd5 12. Qg4 h5 13. Qf4 Be7 14. a4 b4 15. a5 g5 16. Qd4 Qc7 17. Qb6 Qxb6 18. axb6 a5 19. c4 Bc6 20. Be3 a4 21. c5 Ra5 22. Rec1 O-O 23. Kf1 Rc8 24. Be2 Bb7 25.
Bxh5 a3 26. bxa3 bxa3 27. Bf3 Bxf3 28. gxf3 Bxc5 29. b7 Rb8 30. Rxc5 Rxc5 31. Bxc5 Rxb7 32. Rxa3 Rb5 33. Bd6 Kg7 34. Ra7 Kg6 35. Rxd7 Rb3 36. Kg2 Rd3 37. h3 Rd1 38. Rd8 Rb1 39. Be7 Rb7 40. Bf6 Rb4 41. Rg8+ Kf5 42. Rxg5+ Kf4 43. Rg4+ Kf5 44. Rxb4 1-0

[Event "Early-Titled-Tuesday-Blitz-May-07-2024"]
[Site "Chess.com"]
[Date "2024.05.07"]
[Round "1"]
[White "karinachess1"]
[Black "Sofia_Blokhin"]
[Result "1-0"]
[WhiteElo "2612"]
[BlackElo "2277"]
[TimeControl "180+1"]
[EndTime "8:05:23 PDT"]
[Termination "karinachess1 won by checkmate"]

1. d4 f5 2. Nf3 Nf6 3. g3 g6 4. Bg2 Bg7 5. O-O O-O 6. b3 d6 7. Bb2 Ne4 8. c4 c5 9. Qc1 cxd4 10.
Nxd4 e5 11. Nb5 a6 12. N5c3 Nxc3 13. Nxc3 Nc6 14. Rd1 Be6 15. Ba3 Qa5 16. Rxd6 Nd4 17. b4 Qc7 18. c5 Rfe8 19. e3 Bf8 20. exd4 Bxd6 21. cxd6 Qxd6 22. dxe5 Qxe5 23. Bb2 Rac8 24. Qd2 Red8 25. Qg5 Qc7 26. Qf6 Re8 27. Nd5 Qd7 28. Qh8+ Kf7 29. Qg7# 1-0

[Event "Early-Titled-Tuesday-Blitz-May-07-2024"]
[Site "Chess.com"]
[Date "2024.05.07"]
[Round "1"]
[White "Masterbeaterr"]
[Black "IM_ArthurDW08"]
[Result "1-0"]
[WhiteElo "2450"]
[BlackElo "2740"]
[TimeControl "180+1"]
[EndTime "8:05:24 PDT"]
[Termination "Masterbeaterr won by resignation"]

1. d4 Nf6 2. c4 c5 3. d5 e6 4. Nc3 exd5 5. cxd5 d6 6. e4 g6 7. f4 Bg7 8. Bb5+ Nfd7 9. Be2 a6 10. a4 Qh4+ 11.
g3 Qe7 12. Nf3 O-O 13. O-O Bxc3 14. bxc3 Qxe4 15. c4 Nf6 16. Bd3 Qe8 17. Bb2 Nbd7 18. Qc2 Rb8 19. Rae1 Qd8 20. Qc3 b5 21. axb5 axb5 22.
cxb5 Bb7 23. Bc4 Re8 24. f5 Rxe1 25. Rxe1 Qf8 26. fxg6 hxg6 27. Ng5 Ne5 28. Rxe5 dxe5 29. Qxe5 Qe8 30. Qxf6 Qe1+ 31. Kg2 Bxd5+ 32. Bxd5 Qe2+ 33.
Qf2 Qxf2+ 34. Kxf2 Rxb5 1-0

[Event "Early-Titled-Tuesday-Blitz-May-07-2024"]
[Site "Chess.com"]
[Date "2024.05.07"]
[Round "1"]
[White "nihalsarin"]
[Black "Nadtkins"]
[Result "1-0"]
[WhiteElo "3142"]
[BlackElo "2541"]
[TimeControl "180+1"]
[EndTime "8:05:25 PDT"]
[Termination "nihalsarin won by resignation"]

1. d4 Nf6 2. c4 d6 3. Nc3 e5 4. Nf3 Nbd7 5. g3 g6 6. Bg2 Bg7 7. O-O O-O 8. Qc2 Re8 9. dxe5 dxe5 10. Rd1 c6 11. b3 Qa5 12. Ng5 Nc5 13. Be3 Bf5 14.
Qb2 h6 15. b4 Na4 16. Qa3 Qc7 17. Qxa4 hxg5 18. Bxg5 e4 19. Rac1 e3 20. f3 Nh7 21.
Bf4 Qe7 22. b5 g5 23. Bd6 Qe6 24. bxc6 bxc6 25. Qxc6 Rac8 26. Qd5 Qh6 27. Qxf5 1-0

[Event "Early-Titled-Tuesday-Blitz-May-07-2024"]
[Site "Chess.com"]
[Date "2024.05.07"]
[Round "1"]
[White "ChristopherYoo"]
[Black "2346PL"]
[Result "1-0"]
[WhiteElo "3035"]
[BlackElo "2529"]
[TimeControl "180+1"]
[EndTime "8:05:25 PDT"]
[Termination "ChristopherYoo won by resignation"]

1. e4 e5 2. Nf3 Nf6 3. Nxe5 Nxe4 4. Qe2 Qe7 5. Qxe4 d6 6. d4 dxe5 7. dxe5 Nc6 8. Bf4 g5 9. Bd2 Bg7 10. Nc3 O-O 11. O-O-O h6 12. Bd3 Rd8 13. f4 gxf4 14. Bxf4 Be6 15. Qh7+ Kf8 16. Bxh6 Bxh6+ 17. Qxh6+ Ke8 18.
Ne4 Qf8 19. Nf6+ Ke7 20. Qg5 Qh8 21. Bb5 Nxe5 22. Ng8+ Kf8 23. Rxd8+ 1-0

[Event "Early-Titled-Tuesday-Blitz-May-07-2024"]
[Site "Chess.com"]
[Date "2024.05.07"]
[Round "1"]
[White "chess123456s"]
[Black "N_I_Chess"]
[Result "1-0"]
[WhiteElo "2628"]
[BlackElo "2328"]
[TimeControl "180+1"]
[EndTime "8:05:26 PDT"]
[Termination "chess123456s won by resignation"]

1. Nf3 Nf6 2. g3 d5 3. Bg2 Bf5 4. O-O e6 5. d3 h6 6. c4 c6 7. Qb3 Qb6 8. Qc2 Be7 9. Nc3 Nbd7 10. cxd5 exd5 11. e4 dxe4 12. dxe4 Be6 13. Be3 Qa6 14. Nd4 Bc4 15. Rfd1 Qa5 16. Nf5 Be6 17. Nxg7+ Kf8 18. Nxe6+ fxe6 19. a3 Kf7 20. b4 Qc7 21. Qa2 Qe5 22. Bd4 Qh5 23. h3 Rhd8 24. Ne2 Nf8 25.
Nf4 Qg5 26. h4 Qg8 27. Bh3 Ng4 28. f3 Bxh4 29. Bxg4 Bxg3 30. Nxe6 Bf2+ 1-0

[Event "Early-Titled-Tuesday-Blitz-May-07-2024"]
[Site "Chess.com"]
[Date "2024.05.07"]
[Round "1"]
[White "Grossboss19"]
[Black "kidagent"]
[Result "0-1"]
[WhiteElo "2633"]
[BlackElo "2368"]
[TimeControl "180+1"]
[EndTime "8:05:28 PDT"]
[Termination "kidagent won by resignation"]

1. c4 c6 2. b3 d5 3. d4 Nf6 4.
Bb2 Bf5 5. Nd2 e6 6. e3 Nbd7 7.
Ngf3 Bd6 8. Be2 O-O 9. O-O Ne4 10.
Nxe4 Bxe4 11. Nd2 Bg6 12. f4 Qe7 13. Nf3 f6 14. Qd2 Rae8 15. Rae1 Bb4 16. Bc3 Bxc3 17. Qxc3 e5 18. cxd5 cxd5 19. Bb5 e4 20. Nd2 Rc8 21.
Qb2 Rfd8 22. Bxd7 Qxd7 23. Rc1 Be8 24. Rxc8 Rxc8 25. Rc1 Kf7 26. Kf2 Rc6 27. Rc3 Qc8 28. Nb1 Bd7 29. Qc1 b5 30. Rc5 Rxc5 31. Qxc5 Qxc5 32.
dxc5 b4 33. a3 a5 34. axb4 axb4 35. Nd2 Bb5 36. g4 Ke7 37. Kg3 Kd7 38. f5 Kc6 39. Kf4 Kxc5 40. h4 Bd3 41. g5 Kd6 42. h5 fxg5+ 43.
Kxg5 Ke5 44. f6 gxf6+ 45. Kh6 Be2 46. Kxh7 Bxh5 47. Nf1 Bd1 48. Nd2 f5 49. Kg6 f4 50.
exf4+ Kxf4 51. Kf6 e3 52. Nb1 e2 53. Na3 bxa3 0-1

[Event "Early-Titled-Tuesday-Blitz-May-07-2024"]
[Site "Chess.com"]
[Date "2024.05.07"]
[Round "1"]
[White "XDPS"]
[Black "jup1978"]
[Result "1-0"]
[WhiteElo "2858"]
[BlackElo "2485"]
[TimeControl "180+1"]
[EndTime "8:05:29 PDT"]
[Termination "XDPS won by resignation"]

1. d4 d5 2. Nf3 Nf6 3. c4 c6 4.
Nbd2 Bf5 5. Nh4 Be4 6. e3 e6 7. Qb3 Qb6 8. c5 Qc7 9. Nxe4 Nxe4 10.
Nf3 Nd7 11. Bd3 Nef6 12. O-O Be7 13. Qc2 O-O 14. b4 e5 15. dxe5 Nxe5 16. Nxe5 Qxe5 17.
Bb2 Qc7 18. a4 a6 19. Rab1 Rfe8 20. Bxf6 Bxf6 21. Bxh7+ Kh8 22. Bd3 Qe5 23. g3 Qc3 24. Qxc3 Bxc3 25. Rfc1 Be5 26. Kg2 g6 27. h4 Kg7 28.
Rh1 Rad8 29. h5 Bf6 30. hxg6 fxg6 31. b5 axb5 32. axb5 Re7 33. bxc6 bxc6 34. Rb6 Rc7 35. Rhb1 Be7 36. Ra6 Rdc8 37. Ra5 Rd8 38. Rb6 Rdc8 39. Be2 Bd8 40. Bg4 1-0

[Event "Early-Titled-Tuesday-Blitz-May-07-2024"]
[Site "Chess.com"]
[Date "2024.05.07"]
[Round "1"]
[White "Abund"]
[Black "WPWPWP-2015"]
[Result "1-0"]
[WhiteElo "2761"]
[BlackElo "2435"]
[TimeControl "180+1"]
[EndTime "8:05:30 PDT"]
[Termination "Abund won by resignation"]

1. e4 e5 2. Nf3 Nc6 3. Bb5 Nf6 4. d3 Bc5 5. Bxc6 dxc6 6. Nbd2 Nd7 7. Nc4 Qe7 8. O-O O-O 9. Kh1 Re8 10. Be3 f6 11. Nh4 g6 12. g3 Nf8 13. Bxc5 Qxc5 14. Qe2 b5 15. Ne3 Qd6 16. f4 exf4 17. Rxf4 Bb7 18.
Raf1 Re6 19. Ng4 f5 20. Nh6+ Kg7 21. N4xf5+ gxf5 22.
Nxf5+ Kg8 23. Nxd6 cxd6 24. Rf7 Rb8 25. Qf3 Ng6 26.
Qf5 Bc8 27. Rf8+ Kg7 28. Rxc8 1-0

[Event "Early-Titled-Tuesday-Blitz-May-07-2024"]
[Site "Chess.com"]
[Date "2024.05.07"]
[Round "1"]
[White "banjadvorovi"]
[Black "Kunalm64"]
[Result "0-1"]
[WhiteElo "2316"]
[BlackElo "2640"]
[TimeControl "180+1"]
[EndTime "8:05:30 PDT"]
[Termination "Kunalm64 won by resignation"]

1. Nf3 Nf6 2. c4 e6 3. Nc3 d5 4.
cxd5 exd5 5. d4 c6 6. Bf4 Bd6 7. Bxd6 Qxd6 8. e3 O-O 9. h3 Bf5 10. Bd3 Bxd3 11. Qxd3 Nbd7 12. O-O Rfe8 13. Nd2 b5 14. a3 a5 15. Rac1 a4 16. Na2 Nb6 17.
Nb4 Nc4 18. Nxc4 bxc4 19. Qf5 g6 20. Qf3 Ne4 21. Rfd1 Re6 22. Qe2 h5 23. f3 Ng3 24.
Qf2 h4 25. Re1 Rae8 26. Na6 Nf5 27. e4 dxe4 28. fxe4 Rxe4 29. Rxe4 Rxe4 30. Rxc4 Rf4 31. Qd2 Ng3 32. Rc1 Rxd4 33. Qc2 Rd2 34. Qc4 Ne2+ 0-1